 Dungeon Crawl Stone Soup version 0.30.0-5-g1a98f26d00 (webtiles) character file.

Game seed: 2511068054089364518

95 H0rd4k the Charlatan (level 4, 0/33 HPs)
             Began as a Human Artificer on May 9, 2023.
             Slain by a hobgoblin (5 damage)
             ... led by Robin
             ... on level 3 of the Dungeon.
             The game lasted 00:02:15 (2447 turns).

H0rd4k the Charlatan (Human Artificer)              Turns: 2447, Time: 00:02:16

Health: 0/33       AC:  3    Str: 13    XL:     4   Next: 95%
Magic:  4/4        EV: 12    Int: 13    God:
Gold:   169        SH:  0    Dex: 13    Spells: 3/3 levels left

rFire   . . .        s - +2 short sword (venom)
rCold   . . .        (no shield)
rNeg    . . .        b - +0 leather armour
rPois   .            (no helmet)
rElec   .            (no cloak)
rCorr   .            (no gloves)
SInv    .            (no boots)
Will    .....        (no amulet)
Stlth   +            (no ring)
HPRegen 0.25/turn    (no ring)
MPRegen 0.09/turn

%: no passive effects
@: no status effects
A: no striking features
a: no special abilities


You were on level 3 of the Dungeon.
You visited 1 branch of the dungeon, and saw 3 of its levels.

You collected 169 gold pieces.

Inventory:

Hand Weapons
 a - a +0 club
 s - a +2 short sword of venom (weapon)
 B - a +2 dagger of speed
Missiles
 y - 3 poisoned darts
Armour
 b - a +0 leather armour (worn)
Magical Staves
 r - a staff of cold
Jewellery
 j - an amulet of guardian spirit
 w - a ring of protection from fire
Wands
 c - a wand of flame (13) (quivered)
 d - a wand of charming (13)
 e - a wand of iceblast (5)
 v - a wand of paralysis (10)
Scrolls
 f - 2 scrolls of fear {unknown}
 i - a scroll of immolation {unknown}
 k - 5 scrolls of identify {unknown}
 l - a scroll of acquirement {unknown}
 m - 3 scrolls of enchant weapon {unknown}
 o - a scroll of fog {unknown}
 p - a scroll of blinking {unknown}
 q - a scroll of amnesia {unknown}
 t - 3 scrolls of magic mapping {unknown}
Potions
 g - 2 potions of heal wounds {unknown}
 h - 2 potions of haste {unknown}
 n - 2 potions of curing
 u - 2 potions of mutation {unknown}
 x - a potion of attraction {unknown}
 z - a potion of flight {unknown}
 A - a potion of lignification {unknown}


   Skills:
 + Level 2.0 Fighting
 + Level 0.1 Short Blades
 - Level 1.7 Maces & Flails
 - Level 2.0 Armour
 + Level 2.1 Dodging
 + Level 1.4 Stealth
 + Level 3.6 Evocations


You had 3 spell levels left.
You didn't know any spells.
Your spell library contained the following spells:

 Spells                   Type           Power      Damage    Failure   Level
 Sting                    Tmut/Pois      0%         1d3       36%         1
 Poisonous Vapours        Pois/Air       0%         N/A       52%         2
 Dazzling Flash           Conj/Hex       0%         N/A       75%         3
 Volatile Blastmotes      Fire/Tloc      0%         2d10      75%         3
 Iskenderun's Mystic Bla  Conj/Tloc      0%         2d3       98%         4
 Olgreb's Toxic Radiance  Pois           0%         N/A       98%         4
 Starburst                Conj/Fire      0%         6d3       100%        6


Dungeon Overview and Level Annotations

Branches:
Dungeon (3/15)

Altars:

Annotations:
D:3 Robin


Message History

Robin roars a battlecry!
The goblins go into a battle-frenzy!
The goblin misses you.
You hit the goblin.
You kill the goblin!
Robin roars a battlecry!
The hobgoblin goes into a battle-frenzy!
You hit the goblin.
The goblin is severely wounded.
You barely miss the goblin.
The goblin is severely wounded.
Robin throws the goblin at you! The goblin closely misses you.
The goblin misses you. The goblin hits you with a +0 dagger.
You closely miss the goblin.
The goblin is severely wounded.
The goblin closely misses you. The goblin misses you.
The goblin closely misses you.
You closely miss the goblin.
The goblin is severely wounded.
The goblin hits you with a +0 club. The goblin closely misses you.
The goblin hits you with a +0 dagger.
You barely miss the goblin.
The goblin is severely wounded.
The goblin closely misses you. The goblin barely misses you.
The goblin closely misses you. The hobgoblin closely misses you.
You hit the goblin.
You kill the goblin!
Robin throws the goblin at you! The goblin misses you.
The goblin barely misses you. The hobgoblin closely misses you.
You barely miss the goblin. The goblin hits you with a +0 club.
The goblin hits you with a +0 dagger. The hobgoblin hits you.
The goblin hits you with a +0 dagger.
* * * LOW HITPOINT WARNING * * *
You are too injured to fight recklessly!
You are too injured to fight recklessly!
Unknown command.
You hit the goblin.
You kill the goblin!
The goblin completely misses you. The hobgoblin hits you.
You die...

#..### ##..#####.# #........
.....# #.........# #...g....
##.#.###.........#### #........
##.#.##.............#####..#.#.##
##................#>.........#.#
........)...).).#..........#.....
###.........)...[..#.............
#..##....###)#####>.....##.....
###..###...# #.)@gg.......##.....
#..........# ###gg..#....#######.
....#####.... #g...#.....# ..#..#
.....# #....#.###.# .###.#
#.#...# #......# .. ## .# #.#...#
####..## .. .## #.# .# .#


You could see Robin, 2 hobgoblins and 2 goblins.

Vanquished Creatures
  An orc priest (D:3)
  2 dart slugs
  2 orcs (D:3)
  5 endoplasms
  A giant cockroach (D:3)
  12 goblins
  6 hobgoblins
  A quokka (D:1)
  4 ball pythons
  6 bats
  3 frilled lizards (D:1)
  5 kobolds
  5 rats
53 creatures vanquished.

Vanquished Creatures (others)
  An orc wizard (D:3)
  An orc (D:3)
2 creatures vanquished.

Grand Total: 55 creatures vanquished

Notes
Turn   | Place    | Note
-------+----------+-------------------------------------------
     0 | D:1      | H0rd4k the Human Artificer began the quest for the Orb.
     0 | D:1      | Reached XP level 1. HP: 15/15 MP: 1/1
   146 | D:1      | Reached XP level 2. HP: 7/21 MP: 2/2
   450 | D:1      | Reached XP level 3. HP: 23/26 MP: 3/3
   897 | D:2      | Reached skill level 1 in Maces & Flails
  2009 | D:3      | Reached XP level 4. HP: 9/32 MP: 4/4
  2360 | D:3      | Noticed Robin
  2447 | D:3      | Slain by a hobgoblin

Illustrated notes

Levels and vault maps discovered:
D:1:      evilmike_arrival_crescent, layout_rooms
D:2:      layout_basic, serial_bayou, serial_bayou_shore_a, serial_bayou_pond_a,
          serial_bayou_shore_b, serial_bayou_lagoon_b, serial_bayou_lake_a
D:3:      layout_rooms, uniq_robin

Skill      XL: |  1  2  3  4 |
---------------+-------------+-----
Maces & Flails | 1 |  1.7
Dodging        | 2 |  2.1
Fighting       | 2 |  2.0
Short Blades   | |  0.1
Armour         | |  2.0
Stealth        | |  1.4
Evocations     | |  3.6

Action                     |  1- 3 |  4- 6 || total
---------------------------+-------+-------++-------
  Melee: Club              |   188 |       ||   188
         Short sword       |       |    48 ||    48
  Evoke: Wand              |     4 |       ||     4
   Stab: Sleeping          |     2 |       ||     2
 Armour: Leather armour    |    91 |     2 ||    93
  Dodge: Dodged            |   152 |    42 ||   194
